 Dungeon Crawl Stone Soup version 0.29-a0-1023-g6ae1a4a2c7 (webtiles) character file.

Game seed: 3839537558200695027

31996 rjgkbvjk the Unseen (level 13, -4/66 HPs)
             Began as a Spriggan Enchanter on Aug 11, 2022.
             Was a Priest of Dithmenos.
             Slain by a minotaur
             ... wielding a +1 great sword of protection
              (14 damage)
             ... in a Gauntlet.
             The game lasted 00:43:57 (18213 turns).

rjgkbvjk the Unseen (Spriggan Enchanter)           Turns: 18213, Time: 00:43:57

Health: -4/66      AC:  7    Str:  8      XL:     13   Next: 29%
Magic:  26/34      EV: 24    Int: 14 (15) God:    Dithmenos [***...]
Gold:   821        SH:  0    Dex: 16      Spells: 27/38 levels left

rFire   . . .      SeeInvis +   v - +1 dagger (venom)
rCold   . . .      Faith    .   (no shield)
rNeg    + . .      Spirit   .   J - +2 robe of the Watermelon {Contam Rampage Slay+4}
rPois   .          Reflect  .   (helmet restricted)
rElec   .          Harm     .   L - +2 cloak {rCorr}
rCorr   +          Rampage  +   (gloves unavailable)
Will    +++..      Clarity  +   (boots unavailable)
Stlth   +++++++++. NoTele   +   n - amulet of the acrobat
HPRegen 0.21/turn               A - ring of positive energy
MPRegen 0.24/turn               D - ring of willpower

@: mighty, flying, hasted (expiring), wreathed by umbra, very quick
A: very small, no large weapons, unfitting armour, see invisible, speed 3,
clarity, dopey 1, high MP 1, deterioration 1[+1]
a: Renounce Religion, Shadow Step


You were in a Gauntlet.
You worshipped Dithmenos.
Dithmenos was most pleased with you.
You visited 2 branches of the dungeon, and saw 15 of its levels.
You also visited: Gauntlet.

You collected 957 gold pieces.
You spent 136 gold pieces at shops.

Inventory:

Hand Weapons
 a - a +2 dagger
 e - a +2 short sword of freezing
 v - a +1 dagger of venom (weapon)
 B - a +3 dagger
Missiles
 o - 3 datura-tipped darts (quivered)
 r - 33 poisoned darts
 s - 5 atropa-tipped darts
 x - 2 curare-tipped darts
 O - 2 throwing nets
Armour
 y - a +2 robe of willpower
 F - +0 steam dragon scales
 I - a +0 robe of cold resistance
 J - the +2 robe of the Watermelon (worn) {Contam Rampage Slay+4}
   (You bought it in a shop on level 10 of the Dungeon)

   Slay:      It affects your accuracy & damage with ranged weapons and melee
   (+4).
   Contam:    It causes magical contamination when unequipped.
   Rampage:   It bestows one free step when moving towards enemies.
 L - a +2 cloak of preservation (worn)
Jewellery
 j - the ring "Tousmap" {rCorr Str+7 Int+3}
   (You found it in a Gauntlet)

   [ring of resist corrosion]

   Str:       It affects your strength (+7).
   Int:       It affects your intelligence (+3).
   rCorr:     It protects you from acid and corrosion.
 n - an amulet of the acrobat (around neck)
 w - an amulet of reflection
 A - a ring of positive energy (left hand)
 D - a ring of willpower (right hand)
Wands
 m - a wand of acid (24)
 p - a wand of flame (62)
 t - a wand of charming (10)
 u - a wand of iceblast (7)
 C - a wand of mindburst (11)
 Q - a wand of digging (9)
Scrolls
 b - a scroll of enchant weapon
 f - 4 scrolls of vulnerability
 h - a scroll of fear
 l - 5 scrolls of amnesia
 z - 5 scrolls of teleportation
 H - 5 scrolls of fog
 P - a scroll of immolation
Potions
 c - 3 potions of haste
 d - 3 potions of flight
 g - a potion of ambrosia
 i - 6 potions of curing
 k - 4 potions of cancellation
 q - a potion of lignification
 E - 2 potions of might
 G - a potion of resistance
 K - a potion of experience
 N - a potion of magic
Miscellaneous
 M - a tin of tremorstones (2/2)


   Skills:
 + Level 6.8 Fighting
 + Level 9.0 Short Blades
 + Level 11.0 Dodging
 + Level 15.8 Stealth
 + Level 13.1 Spellcasting
 + Level 13.4 Hexes


You had 27 spell levels left.
You knew the following spells:

 Your Spells              Type           Power      Damage    Failure   Level
a - Ensorcelled Hibernat  Hex/Ice        54%        N/A       1%          2
b - Tukima's Dance        Hex            46%        N/A       1%          3
c - Dazzling Flash        Conj/Hex       54%        N/A       1%          3
d - Confusing Touch       Hex            46%        N/A       1%          3

Your spell library contained the following spells:

 Spells                   Type           Power      Damage    Failure   Level
 Magic Dart               Conj           36%        1d4       8%          1
 Necrotise                Necr           36%        1d5       8%          1
 Sting                    Tmut/Pois      36%        1d4       8%          1
 Call Imp                 Summ           9%         N/A       12%         2
 Poisonous Vapours        Pois/Air       18%        N/A       12%         2
 Mephitic Cloud           Conj/Pois/Air  9%         N/A       22%         3
 Vampiric Draining        Necr           9%         2d6       22%         3
 Hailstorm                Conj/Ice       9%         3d4       58%         4
 Ice Form                 Ice/Tmut       9%         N/A       58%         4
 Olgreb's Toxic Radiance  Pois           9%         N/A       58%         4
 Agony                    Necr           9%         N/A       91%         5
 Freezing Cloud           Conj/Ice/Air   4%         6-21      91%         5
 Simulacrum               Ice/Necr       4%         N/A       100%        6
 Polar Vortex             Ice            4%         N/A       100%        9


Dungeon Overview and Level Annotations

Branches:
Dungeon (14/15)            Temple (0/1) D:6            Lair (1/5) D:9
    Orc (0/2) D:9          Vaults (0/5) D:14        Gauntlet (1/1)

Altars:
Ashenzari
Dithmenos
Elyvilon
Kikubaaqudgha
Makhleb
Nemelex Xobeh
Okawaru
Qazlal
Trog
Uskayaw
Vehumet
Xom
Yredelemnul

Shops:
D:7 (   D:10 [   D:11 [

Annotations:
Gauntlet 8 transporters, 1 runed translucent door


Innate Abilities, Weirdness & Mutations

You are very small and have problems with some larger weapons.
You are too small for most types of armour.
You have supernaturally acute eyesight. (SInv)
You cover ground extremely quickly. (Speed+++)
You possess an exceptional clarity of mind.
You are dopey. (Int -2)
You have an increased reservoir of magic. (+10% MP)
[Your body often deteriorates upon taking damage.]


Message History

Confirm with . or Enter, or press ? or * to list all spells.
You can't see any susceptible monsters within range! (Use Z to cast anyway.) Unknown command.
Unknown command.
Unknown command.
You rampage towards the minotaur!
Casting: Ensorcelled Hibernation (safe; 1% risk of failure)
Confirm with . or Enter, or press ? or * to list all spells.
Casting: Dazzling Flash (safe; 1% risk of failure)
Press: ? - help, Dir - look around, f - activate Unknown command.
The minotaur throws a javelin.
The javelin pierces through you!!!
Ouch! That really hurt!
You emit a cloud of dark smoke.
There is an open door, spattered with blood here.
Casting: Dazzling Flash (safe; 1% risk of failure)
Confirm with . or Enter, or press ? or * to list all spells.
Casting: Dazzling Flash (safe; 1% risk of failure)
Press: ? - help, Dir - look around, f - activate Your extra speed is starting to run out.
Unknown command.
You feel better.
The minotaur throws a javelin.
The javelin barely misses you.
Casting: Dazzling Flash (safe; 1% risk of failure)
Confirm with . or Enter, or press ? or * to list all spells.
Casting: Dazzling Flash (safe; 1% risk of failure)
Press: ? - help, Dir - look around, f - activate The minotaur is dazzled.
Unknown command.
You hit the minotaur but do no damage. You hit the minotaur but do no damage.
You feel very mighty all of a sudden.
The minotaur hits you with a +1 great sword of protection!!
* * * LOW HITPOINT WARNING * * *
Your body deteriorates!
You feel dopey. The minotaur completely misses you.
Unknown command.
You puncture the minotaur!
The minotaur is lightly wounded.
The minotaur hits you with a +1 great sword of protection!
You die...

###### #≈...###
#....######......
#.##....####.8...
..##.##..##≈..... ..##
#....##...##...##
#....##.##.......#...#.
#...§##.##.©8.#...#[
######§§..##....#...#$
#∩..H@§##....©8.#.8.#©
######§##.##....#...#}
#§§..##.©8.#...#.
#.##.......#...#J
...##.##...##...##
.##....##..##≈.....
#.##....####.8...
..##.######§.....
#≈§..###


You could see a minotaur (blind).

Vanquished Creatures
  5 vault guards
  3 hydras
  An ogre mage (D:12)
  A boulder beetle (D:8)
  2 centaur warriors
  5 two-headed ogres
  2 tengu warriors (D:13)
  Urug (D:10)
  3 skeletal warriors (D:13)
  A deep elf pyromancer (D:12)
  9 ugly things
  2 orc sorcerers (D:14)
  4 cyclopes
  A manticore (D:14)
  Maurice (D:12)
  A gargoyle (D:12)
  Maggie (D:7)
  2 unseen horrors
  A yaktaur (shapeshifter) (D:13)
  A yaktaur (D:14)
  A troll (D:13)
  10 slime creatures
  3 wraiths
  A vampire (D:12)
  3 yaks (D:10)
  A shadow (D:11)
  A human (D:14)
  A steam dragon (D:10)
  Grum (D:11)
  A basilisk (D:13)
  4 vampire mosquitoes (D:13)
  Edmund (D:4)
  An acid dragon (D:12)
  Duvessa (D:6)
  3 ice beasts
  A small abomination (Gauntlet)
  2 orc warriors (D:9)
  A sky beast (D:6)
  2 black bears
  5 ogres
  2 wolves (D:11)
  10 centaurs
  4 kobold brigands
  A phantom (D:5)
  5 bullfrogs
  A gnoll sergeant (D:13)
  A necrophage (D:5)
  4 scorpions
  A wight (D:9)
  Dowan (D:6)
  6 killer bees (D:8)
  A howler monkey (D:6)
  A crimson imp (D:9)
  2 hounds
  5 orc priests
  A gnoll bouda (D:8)
  Crazy Yiuf (D:7)
  3 iguanas
  Ijyb (D:4)
  16 orc wizards
  12 adders
  15 gnolls
  A white imp (D:8)
  3 worms
  4 dart slugs
  29 orcs
  6 ball pythons
  5 bats
  8 endoplasms
  5 giant cockroaches
  4 hobgoblins
  4 jackals
  28 kobolds
  A quokka (D:2)
  4 frilled lizards
  7 goblins
  9 rats
303 creatures vanquished.

Vanquished Creatures (collateral kills)
  A human (D:14)
  A gnoll sergeant (D:6)
  6 wights
  A gnoll bouda (D:9)
  6 gnolls
  6 orcs
21 creatures vanquished.

Vanquished Creatures (others)
  13 dancing weapons
  A fungus (Gauntlet)
14 creatures vanquished.

Grand Total: 338 creatures vanquished

Notes
Turn   | Place    | Note
-------+----------+-------------------------------------------
     0 | D:1      | rjgkbvjk the Spriggan Enchanter began the quest for the
                  | Orb.
     0 | D:1      | Reached XP level 1. HP: 9/9 MP: 5/5
   403 | D:2      | Reached XP level 2. HP: 12/13 MP: 7/7
   406 | D:2      | Learned a level 2 spell: Ensorcelled Hibernation
  1233 | D:1      | Reached XP level 3. HP: 6/16 MP: 9/9
  1807 | D:2      | Identified the +4 sling "Unao" {freeze, Contam rF++ rC+}
  2208 | D:2      | Learned a level 3 spell: Tukima's Dance
  2212 | D:2      | Learned a level 3 spell: Confusing Touch
  2716 | D:3      | Reached skill level 5 in Hexes
  2716 | D:3      | Reached XP level 4. HP: 21/21 MP: 6/11
  2865 | D:3      | Found an iron altar of Okawaru.
  3150 | D:3      | Found a broken altar of Ashenzari.
  3652 | D:4      | Noticed Edmund
  3663 | D:4      | Killed Edmund
  3664 | D:4      | Reached skill level 5 in Spellcasting
  3664 | D:4      | Reached XP level 5. HP: 24/24 MP: 7/14
  3668 | D:4      | Learned a level 3 spell: Dazzling Flash
  3863 | D:4      | Reached XP level 6. HP: 23/28 MP: 12/15
  4003 | D:4      | Noticed an ice beast
  4059 | D:4      | Killed an ice beast
  4060 | D:4      | Reached skill level 5 in Stealth
  4385 | D:4      | Found a sparkling altar of Nemelex Xobeh.
  4484 | D:4      | Noticed Ijyb
  4506 | D:4      | Killed Ijyb
  4581 | D:5      | Entered Level 5 of the Dungeon
  4646 | D:5      | Reached XP level 7. HP: 32/32 MP: 17/17
  4651 | D:5      | Reached skill level 6 in Stealth
  5055 | D:5      | Identified the +5 hand axe of Woe {vorpal, rC+ MP+9 Str-4
                  | Int+6}
  5081 | D:5      | You fall into a shaft and drop 2 floors!
  5157 | D:7      | Reached skill level 7 in Stealth
  5192 | D:6      | Found a stormy altar of Qazlal.
  5475 | D:5      | Reached XP level 8. HP: 36/36 MP: 16/20
  5500 | D:5      | Found a shadowy altar of Dithmenos.
  5509 | D:5      | Became a worshipper of Dithmenos the Shadowed
  5668 | D:5      | Reached skill level 8 in Stealth
  6362 | D:6      | Found a staircase to the Ecumenical Temple.
  6511 | D:6      | Reached skill level 9 in Stealth
  6799 | D:6      | Noticed a +0 hand axe
  6800 | D:6      | Found a hide-covered altar of Uskayaw.
  6801 | D:6      | Noticed a +0 hand axe
  6835 | D:6      | Reached * piety under Dithmenos
  6855 | D:6      | Noticed Duvessa
  6857 | D:6      | Noticed Dowan
  6880 | D:6      | Killed Duvessa
  6883 | D:6      | Killed Dowan
  6888 | D:6      | Reached skill level 10 in Stealth
  7115 | D:6      | Reached XP level 9. HP: 18/39 MP: 6/23
  7718 | D:7      | Found Zouklutt's Weapon Boutique.
  7808 | D:7      | Found a runed translucent door.
  7809 | D:7      | Noticed Crazy Yiuf
  7816 | D:7      | Killed Crazy Yiuf
  7925 | D:7      | Noticed Maggie
  7949 | D:7      | Killed Maggie
  7950 | D:7      | Reached skill level 1 in Fighting
  8320 | D:7      | Reached ** piety under Dithmenos
  8534 | D:7      | Found a bloodstained altar of Trog.
  8769 | D:8      | Noticed a boulder beetle
  8794 | D:8      | Killed a boulder beetle
  8795 | D:8      | Reached skill level 11 in Stealth
  8812 | D:8      | Reached skill level 10 in Hexes
  9262 | D:8      | Reached skill level 5 in Dodging
  9755 | D:8      | Reached XP level 10. HP: 47/47 MP: 24/24
 10047 | D:8      | Reached skill level 10 in Spellcasting
 10178 | D:9      | Found a staircase to the Orcish Mines.
 10629 | D:9      | Reached *** piety under Dithmenos
 11070 | D:9      | Found a staircase to the Lair.
 11236 | D:9      | Found a radiant altar of Vehumet.
 11237 | D:9      | Found a burning altar of Makhleb.
 11271 | D:9      | Found a basalt altar of Yredelemnul.
 11378 | D:10     | Entered Level 10 of the Dungeon
 11378 | D:10     | Found an ancient bone altar of Kikubaaqudgha.
 11594 | D:10     | Noticed a two-headed ogre
 11678 | D:10     | Killed a two-headed ogre
 11679 | D:10     | Reached skill level 12 in Stealth
 11794 | D:10     | Found Foly's Antique Armour Emporium.
 11804 | D:10     | Bought a wizard robe for 136 gold pieces
 11804 | D:10     | Identified the +2 robe of the Watermelon {Contam Rampage
                  | Slay+4} (You bought it in a shop on level 10 of the
                  | Dungeon)
 11826 | D:10     | Noticed Urug
 11837 | D:10     | Killed Urug
 11838 | D:10     | Reached skill level 5 in Short Blades
 12036 | D:10     | Found a white marble altar of Elyvilon.
 12036 | D:10     | Found a shimmering altar of Xom.
 12406 | D:11     | Noticed a two-headed ogre
 12410 | D:11     | Killed a two-headed ogre
 12444 | D:11     | Found Ciecriv's Armour Shoppe.
 12453 | D:11     | Reached XP level 11. HP: 53/53 MP: 26/26
 12527 | D:11     | Noticed Grum
 12529 | D:11     | Killed Grum
 12566 | D:11     | Noticed a four-headed hydra
 12576 | D:11     | Killed a four-headed hydra
 12577 | D:11     | Reached skill level 13 in Stealth
 13202 | D:12     | Noticed a green ugly thing
 13205 | D:12     | Killed a green ugly thing
 13221 | D:12     | Gained mutation: Your muscles are strong. (Str +4, Int/Dex
                  | -1) [potion of mutation]
 13221 | D:12     | Gained mutation: Armour fits poorly on your strangely
                  | shaped body. [potion of mutation]
 13221 | D:12     | Gained mutation: Your spells are a little easier to cast,
                  | but a little less powerful. [potion of mutation]
 13222 | D:12     | Lost mutation: Your muscles are strong. (Str +4, Int/Dex
                  | -1) [potion of mutation]
 13222 | D:12     | Lost mutation: Your spells are a little easier to cast, but
                  | a little less powerful. [potion of mutation]
 13222 | D:12     | Lost mutation: Armour fits poorly on your strangely shaped
                  | body. [potion of mutation]
 13222 | D:12     | Gained mutation: You have an increased reservoir of magic.
                  | (+10% MP) [potion of mutation]
 13222 | D:12     | Gained mutation: You are dopey. (Int -2) [potion of
                  | mutation]
 13222 | D:12     | Gained mutation: [Your body sometimes deteriorates upon
                  | taking damage.] [potion of mutation]
 13222 | D:12     | Gained mutation: You possess an exceptional clarity of
                  | mind. [potion of mutation]
 13243 | D:12     | Noticed a two-headed ogre
 13251 | D:12     | Killed a two-headed ogre
 13261 | D:12     | Noticed Maurice
 13266 | D:12     | Reached **** piety under Dithmenos
 13269 | D:12     | Killed Maurice
 13423 | D:12     | Noticed a deep elf pyromancer
 13441 | D:12     | Killed a deep elf pyromancer
 13459 | D:12     | Noticed a two-headed ogre
 13459 | D:12     | Noticed an ogre mage
 13463 | D:12     | Killed an ogre mage
 13489 | D:12     | Killed a two-headed ogre
 13490 | D:12     | Reached skill level 5 in Fighting
 13647 | D:12     | Identified the +8 quarterstaff "Buopag" {vorpal, rElec
                  | Dex+2 Stlth+}
 13838 | D:13     | Noticed a green ugly thing
 13838 | D:13     | Noticed a tengu warrior
 13838 | D:13     | Noticed a tengu warrior
 13839 | D:13     | Killed a green ugly thing
 13840 | D:13     | Reached skill level 14 in Stealth
 13843 | D:13     | Killed a tengu warrior
 13847 | D:13     | Killed a tengu warrior
 13848 | D:13     | Reached XP level 12. HP: 60/60 MP: 31/31
 13853 | D:13     | Noticed a two-headed ogre
 13859 | D:13     | Killed a two-headed ogre
 13871 | D:13     | Noticed a centaur warrior
 13891 | D:13     | Killed a centaur warrior
 14086 | D:13     | Noticed a six-headed hydra
 14091 | D:13     | Killed a six-headed hydra
 14454 | D:13     | Reached skill level 10 in Dodging
 15177 | D:14     | Reached skill level 15 in Stealth
 15544 | D:14     | Noticed a six-headed hydra
 15852 | D:14     | Noticed a vault guard
 15869 | D:14     | Noticed a vault guard
 15874 | D:14     | Killed a vault guard
 15905 | D:14     | Noticed a vault guard
 15908 | D:14     | Killed a vault guard
 16024 | D:14     | Killed a vault guard
 16086 | D:14     | Found a gate to the Vaults.
 16086 | D:14     | Noticed a vault guard
 16086 | D:14     | Noticed a vault guard
 16594 | D:14     | Noticed a centaur warrior
 16611 | D:14     | Killed a centaur warrior
 16612 | D:14     | Reached XP level 13. HP: 45/65 MP: 27/33
 16632 | D:14     | HP: 1/65 [six-headed hydra (12)]
 17829 | Lair:1   | Entered Level 1 of the Lair of Beasts
 17967 | Lair:1   | Found a gate leading to a gauntlet.
 17981 | Gauntlet | Entered a Gauntlet
 17981 | Gauntlet | Found a transporter.
 17984 | Gauntlet | Found a transporter.
 18003 | Gauntlet | Found a transporter.
 18004 | Gauntlet | Found a transporter.
 18010 | Gauntlet | Noticed a quicksilver ooze
 18020 | Gauntlet | Found a transporter.
 18034 | Gauntlet | Found a transporter.
 18037 | Gauntlet | Found a transporter.
 18039 | Gauntlet | Noticed a quicksilver ooze
 18041 | Gauntlet | Found a transporter.
 18042 | Gauntlet | Noticed a green death
 18064 | Gauntlet | Found a transporter.
 18083 | Gauntlet | Found a transporter.
 18089 | Gauntlet | Found a transporter.
 18091 | Gauntlet | Found a runed translucent door.
 18095 | Gauntlet | Found a transporter.
 18104 | Gauntlet | Found a runed translucent door.
 18118 | Gauntlet | Found the +3 pair of mountain boots {steadfast, rC+}
 18163 | Gauntlet | Identified the ring "Tousmap" {rCorr Str+7 Int+3}
 18179 | Gauntlet | Identified the ring "Kaproria" {Ice rElec rPois Str-4
                  | Int+5}
 18203 | Gauntlet | Noticed a minotaur
 18213 | Gauntlet | Slain by a minotaur

Illustrated notes

Levels and vault maps discovered:
D:1:      minmay_arrival_jagged, layout_rooms
D:2:      layout_loops_ring
D:3:      layout_basic, overflow_temple_1_default,
          mainiacjoe_overflow_small_starburst
D:4:      cheibrodos_quashed, layout_basic, nemelex_xobeh_ov_fountains_minmay,
          uniq_edmund, uniq_ijyb
D:5:      layout_gridville, mainiacjoe_overflow_boulevard
D:6:      layout_cave_pools, dancing_weapons_uskayaw, old_standard_altar,
          temple_pool_b, uniq_duvessa
D:7:      layout_basic, lightli_temple_of_fire, serial_shops,
          nicolae_shop_hallway_stairs, uniq_maggie, uniq_crazy_yiuf_cottage
D:8:      layout_gridville
D:9:      layout_long_grid, grunt_temple_overflow_lords_of_destruction,
          old_standard_altar, lair_entry_dummy, david_orc_3
D:10:     layout_loops_ring, kiku_gazebo_garden_becter,
          nicolae_overflow_two_pavilions, serial_shops, shop,
          kennysheep_generic_room_11, uniq_urug
D:11:     layout_loops_ring, serial_shops, shop, uniq_grum
D:12:     layout_rooms, nicolae_straight_to_the_point, uniq_maurice
D:13:     layout_cave_pools, serial_rivers, chequers_serial_rivers_micro_d,
          chequers_serial_rivers_room_a, chequers_serial_rivers_marsh,
          chequers_serial_rivers_marsh, chequers_serial_rivers_micro_b
D:14:     layout_roguey, grunt_vaults_entry_fortified,
          infiniplex_staircase_pillars_1
Lair:1:   layout_hall_layers, gauntlet_entry_generic,
          nicolae_quartered_pool_super
Gauntlet: minmay_gauntlet_mixed_oops_all_seconds
          [minmay_gauntlet_arena_77_chump_sandwich,
          gammafunk_gauntlet_arena_grid, minmay_gauntlet_arena_77_shame_cube,
          nicolae_gauntlet_arena_grate_2, minmay_gauntlet_arena_77_two_paths,
          nicolae_gauntlet_arena_flowing_pool, gauntlet_exit_green]

Skill      XL: |  1  2  3  4  5  6  7  8  9 10 11 12 13 |
---------------+----------------------------------------+-----
Spellcasting   | 3 4 5 6 7 9 10 11 12 13 | 13.1
Hexes          | 4 5 6 7 9 10 11 12 13 | 13.4
Stealth        | 5 7 10 11 12 14 15 | 15.8
Dodging        | 5 7 9 10 11 | 11.0
Fighting       | 2 3 5 6 |  6.8
Short Blades   | 3 5 7 8 9 |  9.0

Action                   |  1- 3 |  4- 6 |  7- 9 | 10-12 | 13-15 || total
-------------------------+-------+-------+-------+-------+-------++-------
Melee: Dagger            |   160 |   125 |   218 |   289 |    46 ||   838
       Punch             |     4 |     1 |     1 |     2 |     2 ||    10
 Cast: Ensorcelled Hiber |     8 |    21 |    43 |    71 |    22 ||   165
       Tukima's Dance    |       |     1 |    29 |    41 |       ||    71
       Confusing Touch   |       |     1 |     4 |     5 |     2 ||    12
       Dazzling Flash    |       |       |       |       |     3 ||     3
Invok: Shadow Step       |       |       |       |     5 |       ||     5
Evoke: Wand              |       |    11 |    11 |    11 |       ||    33
  Use: Potion            |     3 |       |     3 |     7 |     5 ||    18
       Scroll            |     5 |     3 |     9 |    13 |     1 ||    31
 Stab: Sleeping          |    15 |    20 |    49 |    73 |    12 ||   169
       Invisible         |     4 |       |       |       |       ||     4
       Confused          |       |     2 |     4 |     7 |     2 ||    15
       Distracted        |       |       |       |     2 |       ||     2
Armor: Robe              |    17 |    12 |    31 |    35 |     5 ||   100
Dodge: Dodged            |   127 |    96 |   185 |   300 |    30 ||   738

Table legend: (Time is in decaauts)
 A = Elapsed time spent in this place.
 B = Non-inter-level travel time spent in this place.
 C = Inter-level travel time spent in this place.
 D = Time resting spent in this place.
 E = Time spent auto-exploring this place.
 F = Levels seen in this place.
 G = Mean time per level.
                   A        B        C        D        E       F      G
               +--------+--------+--------+--------+--------+-----+--------+
         Total |  14354 |  14018 |    336 |   2009 |   9255 |  16 |  897.1 |
       Dungeon |  14128 |  13792 |    336 |   2009 |   9171 |  14 | 1009.1 |
          Lair |     93 |     93 |      0 |      0 |      0 |   1 |   93.0 |
      Gauntlet |    132 |    132 |      0 |      0 |     83 |   1 |  132.0 |
               +--------+--------+--------+--------+--------+-----+--------+

Top non-repeatable levels by time:
    D:14: 1745 daAuts
     D:5: 1291 daAuts
     D:7: 1176 daAuts
    D:13: 1173 daAuts
     D:1: 1122 daAuts
     D:2: 1078 daAuts
    D:12: 1052 daAuts
     D:8: 997 daAuts
     D:9: 976 daAuts
     D:6: 950 daAuts
     D:4: 912 daAuts
    D:10: 629 daAuts
     D:3: 571 daAuts
    D:11: 450 daAuts
Gauntlet: 132 daAuts
